 Dungeon Crawl Stone Soup version 0.29.1-1-gd02db6906a (webtiles) character file.

Game seed: 17894195472416201202

1282 sankara the Firebug (level 8, -3/63 HPs)
             Began as a Pale Draconian Fire Elementalist on Oct 14, 2022.
             Slain by a two-headed ogre
             ... wielding a +0 giant club
              (23 damage)
             ... on level 6 of the Dungeon on Oct 15, 2022.
             The game lasted 00:21:33 (5871 turns).

sankara the Firebug (DrFE)                          Turns: 5871, Time: 00:21:34

Health: -3/63      AC:  8    Str: 11    XL:     8   Next: 29%
Magic:  4/14       EV: 12    Int: 18    God:
Gold:   473        SH:  0    Dex: 11    Spells: 5/15 levels left

rFire   . . .      SeeInvis .   a - +4 dagger
rCold   . . .      Faith    .   (no shield)
rNeg    . . .      Spirit   .   (body armour unavailable)
rPois   .          Reflect  .   (helmet restricted)
rElec   .          Harm     .   (no cloak)
rCorr   .          Rampage  .   f - +1 pair of gloves
Will    .....                   (no boots)
Stlth   ++........              (no amulet)
HPRegen 0.20/turn               (no ring)
MPRegen 0.14/turn               (no ring)

@: very slightly contaminated
A: breathe steam, AC +6, unfitting armour, cold-blooded, steam resistance
a: Breathe Steam


You were on level 6 of the Dungeon.
You visited 1 branch of the dungeon, and saw 6 of its levels.
You also visited: Ossuary.

You collected 583 gold pieces.
You spent 110 gold pieces at shops.

Inventory:

Hand Weapons
 a - a +4 dagger (weapon)
 l - a +2 short sword of venom
 t - a +3 dagger
 y - a +2 dagger of venom
Missiles
 c - 75 stones
 e - 12 poisoned darts
 r - 3 datura-tipped darts
 u - 3 curare-tipped darts
Armour
 f - a +1 pair of gloves (worn)
Jewellery
 A - a +4 ring of protection
 C - an amulet of magic regeneration
Scrolls
 b - 4 scrolls of identify
 d - 4 scrolls of enchant armour
 i - 2 scrolls of amnesia {unknown}
 n - 2 scrolls of vulnerability {unknown}
 p - 2 scrolls of summoning {unknown}
 q - a scroll of magic mapping {unknown}
 v - 2 scrolls of butterflies {unknown}
 w - 3 scrolls of silence {unknown}
 z - a scroll of immolation {unknown}
 B - 2 scrolls of torment {unknown}
 E - a scroll of brand weapon {unknown}
 F - a scroll of teleportation
Potions
 g - 5 potions of curing
 h - 3 potions of lignification {unknown}
 j - a potion of magic
 k - 3 potions of haste
 m - 2 potions of heal wounds
 o - 4 potions of flight
 s - 2 potions of might
 x - 2 potions of brilliance
 D - 3 potions of attraction {unknown}


   Skills:
 + Level 3.0 Fighting
 + Level 3.2 Dodging
 - Level 1.7 Stealth
 + Level 4.1 Spellcasting
 * Level 5.7 Conjurations
 * Level 7.1 Fire Magic


You had 5 spell levels left.
You knew the following spells:

 Your Spells              Type           Power      Damage    Failure   Level
a - Foxfire               Conj/Fire      100%       2x1d9     1%          1
b - Scorch                Fire           58%        2d7       1%          2
c - Conjure Flame         Conj/Fire      26%        6-21      3%          3
d - Flame Wave            Conj/Fire      26%        2d8       11%         4

Your spell library contained the following spells:

 Spells                   Type           Power      Damage    Failure   Level
 Inner Flame              Hex/Fire       16%        N/A       10%         3
 Slow                     Hex            12%        N/A       14%         1
 Wereblood                Tmut           3%         N/A       22%         2
 Confusing Touch          Hex            3%         N/A       41%         3
 Vampiric Draining        Necr           3%         2d6       41%         3
 Blade Hands              Tmut           1%         N/A       99%         5
 Yara's Violent Unravell  Hex/Tmut       1%         3d3       99%         5
 Statue Form              Tmut/Erth      2%         N/A       100%        6
 Enfeeble                 Hex            1%         N/A       100%        7


Dungeon Overview and Level Annotations

Branches:
Dungeon (6/15)            Ossuary (visited)
 Temple: D:4-7

Altars:
Ashenzari

Shops:
D:2 !((

Annotations:
D:3 1 runed translucent door, Aldia's ghost, amateur OpHW


Innate Abilities, Weirdness & Mutations

You can breathe blasts of scalding, opaque steam.
Your pale cyan-grey scales are hard. (AC +6)
You cannot fit into any form of body armour.
You are cold-blooded and may be slowed by cold attacks.
You are immune to the effects of steam.


Message History

A troll comes into view.
The foxfire hits the two-headed ogre.
The two-headed ogre is heavily wounded.
Unknown command.
Casting: Foxfire (safe; 1% risk of failure)
Confirm with . or Enter, or press ? or * to list all spells.
You conjure some foxfire!
The foxfire hits the two-headed ogre.
The two-headed ogre is heavily wounded.
The foxfire hits the two-headed ogre.
The two-headed ogre is severely wounded.
The foxfire hits the two-headed ogre!
The two-headed ogre is almost dead.
Casting: Foxfire (safe; 1% risk of failure)
Confirm with . or Enter, or press ? or * to list all spells.
You miscast Foxfire.
You are very lightly contaminated with residual magic.
Nothing appears to happen.
The foxfire hits the two-headed ogre but does no damage.
The two-headed ogre is almost dead.
The foxfire hits the two-headed ogre!
The two-headed ogre is almost dead.
An orc comes into view. It is wielding a +0 short sword.
Casting: Foxfire (safe; 1% risk of failure)
Confirm with . or Enter, or press ? or * to list all spells.
You don't know that spell.
Unknown command.
Casting: Foxfire (safe; 1% risk of failure)
Confirm with . or Enter, or press ? or * to list all spells.
Okay, then.
There is a large open door here.
Casting: Foxfire (safe; 1% risk of failure)
Confirm with . or Enter, or press ? or * to list all spells.
The fire begins to smoulder!
The orc shouts!
The two-headed ogre attacks as you move away!
The two-headed ogre hits you with a +0 giant club!! x2
The two-headed ogre smothers the flame.
The two-headed ogre attacks as you move away!
The two-headed ogre hits you with a +0 giant club!!
You die...

#####+####
#........#### #≈≈≈§
#........... #§≈≈§≈
#.........### #≈§≈§≈≈
#...........##≈§§≈§≈§
#........##@#§§§≈≈§≈§
#........##O#≈≈≈≈≈≈≈≈
#........##.#≈≈≈≈§§§§
#........##.'...§.§..
#######.###.'..T.o.§o
#..##.#≈≈≈≈≈≈≈≈
##..#.#§≈≈≈≈≈§≈
#.....#≈§≈≈≈≈§≈
#.#.####§≈≈§≈≈§


You could see a two-headed ogre.

Vanquished Creatures
  A water moccasin (D:5)
  2 phantoms (D:4)
  An elf zombie (D:6)
  2 bullfrogs (D:6)
  A necrophage (D:5)
  2 scorpions
  An elf skeleton (D:6)
  A human zombie (D:6)
  3 hounds
  An iguana (D:4)
  A human skeleton (D:6)
  Jessica (D:2)
  Terence (D:1)
  Natasha (thrice) (D:2)
  An orc wizard (D:5)
  8 mummies (Ossuary)
  5 adders
  5 worms
  5 dart slugs
  8 orcs
  6 endoplasms
  2 giant cockroaches
  2 gnoll zombies (Ossuary)
  10 goblins
  9 hobgoblins
  2 jackals (D:1)
  7 kobolds
  5 quokkas
  10 ball pythons
  4 bats
  5 frilled lizards
  4 kobold zombies (Ossuary)
  2 orc skeletons (D:6)
  2 orc zombies (Ossuary)
  5 rats
128 creatures vanquished.

Vanquished Creatures (others)
  422 foxfires
  13 fungi (D:5)
435 creatures vanquished.

Grand Total: 563 creatures vanquished

Notes
Turn   | Place    | Note
-------+----------+-------------------------------------------
     0 | D:1      | sankara the Draconian Fire Elementalist began the quest for
                  | the Orb.
     0 | D:1      | Reached XP level 1. HP: 14/14 MP: 3/3
   158 | D:1      | Reached XP level 2. HP: 20/20 MP: 0/5
   711 | D:1      | Learned a level 2 spell: Scorch
   737 | D:1      | Reached XP level 3. HP: 26/26 MP: 1/6
   741 | D:1      | Learned a level 3 spell: Conjure Flame
  1056 | D:2      | Found a faded altar of an unknown god.
  1062 | D:2      | Noticed Jessica
  1066 | D:2      | Noticed Terence
  1069 | D:2      | Killed Jessica
  1076 | D:2      | Reached XP level 4. HP: 27/33 MP: 0/7
  1112 | D:1      | Killed Terence
  1113 | D:1      | Reached skill level 4 in Fire Magic
  1524 | D:2      | Found Tusaost's Weapon Emporium.
  1585 | D:2      | Found Fulocuyhu's Antique Weapon Boutique.
  1617 | D:2      | Noticed Natasha
  1620 | D:2      | Killed Natasha
  1669 | D:2      | Noticed Natasha
  1671 | D:2      | Got Roxanne's Vademecum on Mercurial Excavation
  1674 | D:2      | Killed Natasha
  1675 | D:2      | Reached XP level 5. HP: 30/38 MP: 5/9
  1977 | D:2      | Found Xuenuluja's Distillery.
  1993 | D:2      | Noticed Natasha
  1997 | D:2      | Killed Natasha
  1998 | D:2      | Bought a potion of heal wounds for 50 gold pieces
  1998 | D:2      | Bought 2 potions of curing for 60 gold pieces
  2426 | D:3      | Found a runed translucent door.
  2511 | D:3      | Noticed Aldia's ghost (amateur OpHW)
  3120 | D:3      | Learned a level 4 spell: Flame Wave
  3335 | D:4      | Reached XP level 6. HP: 46/46 MP: 5/10
  3347 | D:4      | Reached skill level 5 in Fire Magic
  3621 | D:4      | Reached skill level 1 in Fighting
  3925 | D:4      | Your scales start taking on a pale cyan-grey colour.
  3925 | D:4      | Reached XP level 7. HP: 52/52 MP: 7/12
  3925 | D:4      | Gained mutation: You are immune to the effects of steam.
                  | [Pale Draconian growth]
  4188 | D:5      | Entered Level 5 of the Dungeon
  4194 | D:5      | Reached skill level 6 in Fire Magic
  4619 | D:5      | Reached skill level 5 in Conjurations
  4939 | D:5      | Found a broken altar of Ashenzari.
  5259 | D:6      | Reached XP level 8. HP: 55/62 MP: 8/13
  5364 | D:6      | Found a sand-covered staircase.
  5424 | Ossuary  | Entered an ossuary
  5634 | Ossuary  | Reached skill level 7 in Fire Magic
  5857 | D:6      | Noticed a two-headed ogre
  5863 | D:6      | Noticed a troll
  5871 | D:6      | Slain by a two-headed ogre

Illustrated notes

Levels and vault maps discovered:
D:1:      lightli_arrival_lavapool, layout_basic, minmay_misc_feat_pillars,
          chequers_serial_rivers_micro_b
D:2:      layout_basic, shapermc_ecumenical_altar_venn, serial_shops, shop,
          nicolae_shop_bloodbath_and_beyond, shop_fountains, uniq_natasha,
          uniq_jessica, uniq_terence
D:3:      layout_loops_ring, ebering_ghost_sewer_d, minmay_misc_feat_hallway
D:4:      layout_basic
D:5:      layout_loops_cross, mainiacjoe_overflow_chevrons
D:6:      kennysheep_big_flooded_room, layout_basic,
          nicolae_ossuary_entry_catacombs, grunt_ministairs_12,
          uniq_prince_ribbit1

Skill      XL: |  1  2  3  4  5  6  7  8 |
---------------+-------------------------+-----
Conjurations   | 2 3 4 5 |  5.7
Fire Magic     | 4 5 6 7 |  7.1
Spellcasting   | 3 4 |  4.1
Dodging        | 2 3 |  3.2
Fighting       | 1 2 3 |  3.0
Stealth        | |  1.7

Action                   |  1- 3 |  4- 6 |  7- 9 || total
-------------------------+-------+-------+-------++-------
Melee: Unarmed           |    12 |       |       ||    12
       Tailslap          |     4 |     3 |     6 ||    13
       Dagger            |     4 |    25 |    33 ||    62
       Punch             |       |       |     1 ||     1
 Cast: Foxfire           |    45 |   110 |    95 ||   250
       Scorch            |       |     7 |     8 ||    15
       Flame Wave        |       |       |     1 ||     1
       Conjure Flame     |       |       |     1 ||     1
  Use: Scroll            |       |     1 |     6 ||     7
Armor: Skin              |    11 |    15 |    19 ||    45
Dodge: Dodged            |    29 |    34 |    33 ||    96
